 Dungeon Crawl Stone Soup version 0.25-a0-861-g340c9e8194 (webtiles) character file.

Game seed: 15571059567089313700, levelgen mode: deterministic

254 Esekla the Magician (level 5, 0/29 HPs)
             Began as a Deep Elf Skald on Apr 29, 2020.
             Slain by an orc wizard
             ... wielding a +0 dagger
              (2 damage)
             ... on level 4 of the Dungeon.
             The game lasted 00:21:43 (2714 turns).

Esekla the Magician (Deep Elf Skald)                Turns: 2714, Time: 00:21:44

Health: 0/29       AC:  4    Str:  8    XL:     5   Next: 90%
Magic:  0/14       EV: 13    Int: 18    God:
Gold:   30         SH:  0    Dex: 15    Spells: 6/14 levels left

rFire    . . .     SeeInvis .   a - +0 falchion
rCold    . . .     Gourm    .   (no shield)
rNeg     . . .     Faith    .   b - +0 leather armour
rPois    .         Spirit   +   g - +0 helmet (curse)
rElec    .         Reflect  .   (no cloak)
rCorr    .         Harm     .   (no gloves)
MR       .....                  (no boots)
Stlth    +.........             e - amulet of guardian spirit
HPRegen  0.09/turn              (no ring)
MPRegen  0.14/turn              (no ring)

@: berserk cooldown, slowed, very slow
A: no striking features
a: no special abilities


You were on level 4 of the Dungeon.
You were very hungry.

You visited 1 branch of the dungeon, and saw 5 of its levels.

You collected 30 gold pieces.

Inventory:

Hand Weapons
 a - a +0 falchion (weapon)
Missiles
 h - 3 boomerangs (quivered)
Armour
 b - a +0 leather armour (worn)
 g - a cursed +0 helmet (worn)
Jewellery
 e - an amulet of guardian spirit (around neck)
Scrolls
 f - a scroll of amnesia
Comestibles
 d - 4 rations


   Skills:
 - Level 1.5 Fighting
 + Level 3.2 Long Blades
 - Level 0.7 Armour
 * Level 4.2 Dodging
 * Level 5.2 Spellcasting
 - Level 4.4 Charms
 * Level 1.8 Translocations
 * Level 1.3 Ice Magic


You had 6 spell levels left.
You knew the following spells:

 Your Spells              Type           Power        Failure   Level  Hunger
a - Ozocubu's Armour      Chrm/Ice       ###.....     17%         3    ##.....
b - Shroud of Golubria    Chrm/Tloc      ###...       8%          2    #......
c - Song of Slaying       Chrm           ###.....     4%          2    #......
d - Infusion              Chrm           ###.         3%          1    None

Your spell library contained the following spells:

 Spells                   Type           Power        Failure   Level  Hunger
 Spectral Weapon          Hex/Chrm       ##......     22%         3    ##.....


Dungeon Overview and Level Annotations

Branches:
Dungeon (5/15)
 Temple: D:4-7

Altars:


Message History

Your icy armour cracks and falls away as you move.
You feel a strong urge to attack something.
You are no longer berserk.
You are exhausted.
You feel yourself slow down.
You see here an arrow.
Something hits you.
There is a stone staircase leading up here.
The jackal bites you but does no damage.
Something hits you but does no damage.
The jackal bites you but does no damage.
You climb upwards.
Reactivating autopickup.
There is a stone staircase leading down here.
You aren't carrying any potions.
Okay, then.
Deactivating autopickup; reactivate with Ctrl-A.
You miss something. The jackal misses you.
You riposte.
You hit the jackal but do no damage. Something hits you.
You die...

#####
############...#####
...............h@..#
###########....#.###
###.[..#.########
#......#.......)#
#......####.###.#
#.....## #.# #.#
#.....# ### #^#
###(### #.# #.# ..#


You could see a jackal.

Vanquished Creatures
  A centaur (D:5)
  2 hounds
  A worker ant (D:4)
  5 adders
  2 dart slugs (D:2)
  5 orcs
  2 bats
  2 giant cockroaches
  2 goblins
  5 hobgoblins
  4 jackals (D:2)
  A ball python (D:1)
  A frilled lizard (D:2)
  4 kobolds (D:2)
37 creatures vanquished.

Notes
Turn   | Place    | Note
-------+----------+-------------------------------------------
     0 | D:1      | Esekla the Deep Elf Skald began the quest for the Orb.
     0 | D:1      | Reached XP level 1. HP: 12/12 MP: 6/6
   213 | D:1      | Reached XP level 2. HP: 15/16 MP: 1/8
   233 | D:1      | Learned a level 2 spell: Shroud of Golubria
   236 | D:1      | Learned a level 2 spell: Song of Slaying
   990 | D:2      | Reached XP level 3. HP: 6/20 MP: 8/10
  1021 | D:2      | HP: 1/20 [adder (4)]
  1199 | D:1      | Learned a level 3 spell: Ozocubu's Armour
  1378 | D:2      | Reached skill level 4 in Spellcasting
  1600 | D:3      | Reached skill level 1 in Translocations
  1967 | D:2      | Reached XP level 4. HP: 17/25 MP: 7/12
  2595 | D:5      | Entered Level 5 of the Dungeon
  2682 | D:5      | Noticed a centaur
  2696 | D:5      | Killed a centaur
  2696 | D:5      | Reached skill level 5 in Spellcasting
  2696 | D:5      | Reached skill level 1 in Ice Magic
  2696 | D:5      | Reached XP level 5. HP: 6/29 MP: 1/14
  2708 | D:5      | HP: 1/43 [something (2)]
  2714 | D:4      | Slain by an orc wizard

Levels and vault maps discovered:
D:1:      heliophobic_arrival_glass_houses, layout_basic,
          minmay_misc_feat_more_columns
D:2:      layout_basic
D:3:      layout_loops_cross
D:4:      layout_basic
D:5:      layout_loops_ring, temple_pool_b, gup_sewer_entry_pipe, first_ration,
          uniq_crazy_yiuf_cottage

Skill      XL: |  1  2  3  4  5 |
---------------+----------------+-----
Long Blades    | 2 3 |  3.2
Dodging        | 3 4 |  4.2
Spellcasting   | 4 5 |  5.2
Translocations | 1 |  1.8
Ice Magic      | 1 |  1.3
Fighting       | |  1.5
Armour         | |  0.7
Charms         | |  4.4

Action                   |  1- 3 |  4- 6 || total
-------------------------+-------+-------++-------
Melee: Falchion          |   118 |    42 ||   160
Throw: Boomerang         |       |     1 ||     1
 Cast: Infusion          |     6 |     2 ||     8
       Shroud of Golubri |    10 |     4 ||    14
       Ozocubu's Armour  |     5 |     2 ||     7
       Song of Slaying   |     1 |       ||     1
  Use: Scroll            |     2 |     2 ||     4
       Potion            |       |     1 ||     1
  Eat: Chunk             |     4 |     2 ||     6
Armor: Leather armour    |    31 |    15 ||    46
Dodge: Dodged            |   106 |    42 ||   148
       Rpst.: Falchion   |    43 |    16 ||    59

Table legend:
 A = Non-vault XP
 B = Vault XP
 C = Vault XP percentage of total XP
 D = Non-vault monster count
 E = Vault monster count
 F = Vault count percentage of total count
                 A         B        C        D         E       F
            +---------+---------+-------+---------+---------+-------
      Total |     363 |       0 |   0.0 |      37 |       0 |   0.0
            +---------+---------+-------+---------+---------+-------
        D:1 |       7 |       0 |   0.0 |       4 |       0 |   0.0
        D:2 |      71 |       0 |   0.0 |      22 |       0 |   0.0
        D:3 |      21 |       0 |   0.0 |       5 |       0 |   0.0
        D:4 |      95 |       0 |   0.0 |       3 |       0 |   0.0
        D:5 |     169 |       0 |   0.0 |       3 |       0 |   0.0
            +---------+---------+-------+---------+---------+-------
